SL
OAKLAND OAKS @ PHOENIX HOTSPUR
08/11/2037
 
TOP OF THE 1ST
Oakland Oaks batting - Pitching for Phoenix Hotspur : RHP Jorge Otero
Pitching: RHP Jorge Otero
Batting: RHB Esteban Vázquez 0-0: Called Strike
0-1: Foul Ball, location: 2F
0-2: Foul Ball, location: 2F
0-2: Ball
1-2: Foul Ball, location: 2F
1-2: Strikes out swinging
Batting: LHB Obidiah Lewis 0-0: Called Strike
0-1: Called Strike
0-2: Foul Ball, location: 2F
0-2: Ball
1-2: Ball
2-2: Strikes out looking
Batting: RHB Mike Wazowski 0-0: Ground out 1-3 (Groundball, 13S, EV 65.6 MPH)
Top of the 1st over - 0 runs, 0 hits, 0 errors, 0 left on base; Oakland 0 - Phoenix 0
BOTTOM OF THE 1ST
Phoenix Hotspur batting - Pitching for Oakland Oaks : RHP Elroy Quaid
Pitching: RHP Elroy Quaid
Batting: RHB Alberto Ramírez 0-0: Ball
1-0: Foul Ball, location: 2F
1-1: Ball
2-1: Ball
3-1: Fly out, F8 (Flyball, 89M, EV 77.5 MPH)
Batting: RHB Martín Talia 0-0: Swinging Strike
0-1: Ball
1-1: Foul Ball, location: 2F
1-2: Ball
2-2: Strikes out swinging
Batting: RHB Jonas van Claveren 0-0: Ball
1-0: Ball
2-0: Ball
3-0: Base on Balls
Batting: RHB Tae-cho Han 0-0: Called Strike
0-1: Ball
1-1: Called Strike
1-2: 2-RUN HOME RUN (Line Drive, 9D, EV 111.9 MPH), Distance : 392 ft
Batting: LHB Tadayoshi Watanabe 0-0: Called Strike
0-1: Ball
1-1: Foul Ball, location: 2F
1-2: Ground out 6-3 (Groundball, 4M, EV 100.0 MPH)
Bottom of the 1st over - 2 runs, 1 hit, 0 errors, 0 left on base; Oakland 0 - Phoenix 2
TOP OF THE 2ND
Oakland Oaks batting - Pitching for Phoenix Hotspur : RHP Jorge Otero
Batting: LHB Yu-zeng Si 0-0: Fly out, F8 (Flyball, 8LD, EV 86.2 MPH)
Batting: RHB Yehonatan Chazan 0-0: Called Strike
0-1: Swinging Strike
0-2: Foul Ball, location: 2F
0-2: Ball
1-2: Ball
2-2: Ball
3-2: Fly out, F6 (Popup, P, EV 76.9 MPH)
Batting: LHB Gabriel Montoya 0-0: Foul Ball, location: 2F
0-1: Ball
1-1: Foul Ball, location: 2F
1-2: Strikes out swinging
Top of the 2nd over - 0 runs, 0 hits, 0 errors, 0 left on base; Oakland 0 - Phoenix 2
BOTTOM OF THE 2ND
Phoenix Hotspur batting - Pitching for Oakland Oaks : RHP Elroy Quaid
Batting: LHB Mario Ramos 0-0: Ball
1-0: Ball
2-0: Called Strike
2-1: Ground out 5-3 (Groundball, 56, EV 104.4 MPH)
Batting: RHB Brit Davis 0-0: SINGLE (Line Drive, 7S, EV 95.6 MPH)
Batting: RHB Myles Brundidge 0-0: Ball
1-0: Called Strike
1-1: Called Strike
1-2: Foul Ball, location: 2F
1-2: Ball
Brit Davis steals 2nd base
2-2: Ball
3-2: Strikes out swinging
Batting: LHB Corey Ferguson 0-0: Ground out U3 (Groundball, 34, EV 76.9 MPH)
Bottom of the 2nd over - 0 runs, 1 hit, 0 errors, 1 left on base; Oakland 0 - Phoenix 2
TOP OF THE 3RD
Oakland Oaks batting - Pitching for Phoenix Hotspur : RHP Jorge Otero
Batting: RHB Colin O'Connell 0-0: Called Strike
0-1: SINGLE (Groundball, 34D, EV 104.4 MPH)
Batting: LHB Héctor Velázquez 0-0: Foul Ball, location: 2F
0-1: 2-RUN HOME RUN (Line Drive, 78XD, EV 93.1 MPH), Distance : 412 ft
Batting: RHB Cristián Coronado 0-0: Ball
1-0: Ball
2-0: Fly out, F9 (Flyball, 9D, EV 89.4 MPH)
Batting: RHB Esteban Vázquez 0-0: Ball
1-0: Ground out U3 (Groundball, 34, EV 90.0 MPH)
Batting: LHB Obidiah Lewis 0-0: Fly out, F8 (Flyball, 8LS, EV 83.1 MPH)
Top of the 3rd over - 2 runs, 2 hits, 0 errors, 0 left on base; Oakland 2 - Phoenix 2
BOTTOM OF THE 3RD
Phoenix Hotspur batting - Pitching for Oakland Oaks : RHP Elroy Quaid
Batting: RHB Alberto Ramírez 0-0: Ball
1-0: Swinging Strike
1-1: Called Strike
1-2: SINGLE (Groundball, 56D, EV 103.1 MPH)
Batting: RHB Martín Talia 0-0: Called Strike
0-1: Called Strike
0-2: DOUBLE (Line Drive, 89M, EV 98.1 MPH)
Alberto Ramírez to third
Batting: RHB Jonas van Claveren 0-0: Called Strike
0-1: Ball
1-1: Ball
2-1: Ground out 6-3 (Groundball, 6, EV 82.5 MPH)
Alberto Ramírez scores
Batting: RHB Tae-cho Han 0-0: Ball
1-0: Called Strike
1-1: Ball
2-1: Ball
3-1: Base on Balls
Batting: LHB Tadayoshi Watanabe 0-0: Swinging Strike
0-1: Swinging Strike
0-2: Ball
1-2: Fly out, F4 (Popup, 34S, EV 76.2 MPH)
Batting: LHB Mario Ramos 0-0: Ball
1-0: Ball
2-0: Called Strike
2-1: Swinging Strike
2-2: Ball
3-2: Fly out, F8 (Flyball, 8LS, EV 86.2 MPH)
Bottom of the 3rd over - 1 run, 2 hits, 0 errors, 2 left on base; Oakland 2 - Phoenix 3
TOP OF THE 4TH
Oakland Oaks batting - Pitching for Phoenix Hotspur : RHP Jorge Otero
Batting: RHB Mike Wazowski 0-0: Called Strike
0-1: Ball
1-1: Ground out 5-3 (Groundball, 5L, EV 82.5 MPH)
Batting: LHB Yu-zeng Si 0-0: Called Strike
0-1: Foul Ball, location: 2F
0-2: Fly out, F5 (Popup, 25F, EV 85.0 MPH)
Batting: RHB Yehonatan Chazan 0-0: Called Strike
0-1: Foul Ball, location: 2F
0-2: Strikes out swinging
Top of the 4th over - 0 runs, 0 hits, 0 errors, 0 left on base; Oakland 2 - Phoenix 3
BOTTOM OF THE 4TH
Phoenix Hotspur batting - Pitching for Oakland Oaks : RHP Elroy Quaid
Batting: RHB Brit Davis 0-0: Ball
1-0: TRIPLE (Line Drive, 89XD, EV 104.4 MPH)
Batting: RHB Myles Brundidge 0-0: Ball
1-0: Swinging Strike
1-1: Swinging Strike
1-2: Ball
2-2: Foul Ball, location: 2F
2-2: Ball
3-2: Strikes out swinging
Batting: LHB Corey Ferguson 0-0: Foul Ball, location: 2F
0-1: Fly out, F7 (Flyball, 7, EV 71.9 MPH)
Batting: RHB Alberto Ramírez 0-0: Called Strike
0-1: Called Strike
0-2: Fly out, F9 (Flyball, 9, EV 87.5 MPH)
Bottom of the 4th over - 0 runs, 1 hit, 0 errors, 1 left on base; Oakland 2 - Phoenix 3
TOP OF THE 5TH
Oakland Oaks batting - Pitching for Phoenix Hotspur : RHP Jorge Otero
Batting: LHB Gabriel Montoya 0-0: Ball
1-0: Swinging Strike
1-1: Swinging Strike
1-2: Strikes out swinging
Batting: RHB Colin O'Connell 0-0: Ball
1-0: Called Strike
1-1: Called Strike
1-2: SINGLE (Groundball, 34D, EV 98.8 MPH)
Batting: LHB Héctor Velázquez 0-0: Called Strike
0-1: Foul Ball, location: 2F
0-2: Strikes out swinging
Batting: RHB Cristián Coronado 0-0: Ball
1-0: Fly out, F3 (Popup, 23, EV 84.4 MPH)
Top of the 5th over - 0 runs, 1 hit, 0 errors, 1 left on base; Oakland 2 - Phoenix 3
BOTTOM OF THE 5TH
Phoenix Hotspur batting - Pitching for Oakland Oaks : RHP Elroy Quaid
Pitching: RHP Paco Garza
Batting: RHB Martín Talia 0-0: Swinging Strike
0-1: Ball
1-1: Foul Ball, location: 2F
1-2: Ball
2-2: Foul Ball, location: 2F
2-2: Fly out, F9 (Flyball, 9, EV 88.1 MPH)
Batting: RHB Jonas van Claveren 0-0: Foul Ball, location: 2F
0-1: Ball
1-1: Ball
2-1: Foul Ball, location: 2F
2-2: Fly out, F8 (Flyball, 8LD, EV 96.2 MPH)
Batting: RHB Tae-cho Han 0-0: Called Strike
0-1: Ground out 5-3 (Groundball, 5S, EV 70.0 MPH)
Bottom of the 5th over - 0 runs, 0 hits, 0 errors, 0 left on base; Oakland 2 - Phoenix 3
TOP OF THE 6TH
Oakland Oaks batting - Pitching for Phoenix Hotspur : RHP Jorge Otero
Batting: RHB Esteban Vázquez 0-0: Called Strike
0-1: Fly out, F9 (Flyball, 89S, EV 91.2 MPH)
Batting: LHB Obidiah Lewis 0-0: Foul Ball, location: 2F
0-1: Foul Ball, location: 2F
0-2: Ball
1-2: DOUBLE (Flyball, 8LXD, EV 98.8 MPH)
Batting: RHB Mike Wazowski 0-0: Ball
1-0: Foul Ball, location: 2F
1-1: Ball
2-1: Fly out, F7 (Line Drive, 7, EV 106.2 MPH)
Batting: LHB Yu-zeng Si 0-0: Called Strike
0-1: Ball
1-1: Ball
2-1: Ground out 4-3 (Groundball, 4M, EV 103.1 MPH)
Top of the 6th over - 0 runs, 1 hit, 0 errors, 1 left on base; Oakland 2 - Phoenix 3
BOTTOM OF THE 6TH
Phoenix Hotspur batting - Pitching for Oakland Oaks : RHP Paco Garza
Batting: LHB Tadayoshi Watanabe 0-0: Foul Ball, location: 2F
0-1: Called Strike
0-2: Ball
1-2: Strikes out looking
Batting: LHB Mario Ramos 0-0: Foul Ball, location: 2F
0-1: Ground out 4-3 (Groundball, 4, EV 96.9 MPH)
Batting: RHB Brit Davis 0-0: Foul Ball, location: 2F
0-1: Called Strike
0-2: Ground out 1-3 (Groundball, 34S, EV 79.4 MPH)
Bottom of the 6th over - 0 runs, 0 hits, 0 errors, 0 left on base; Oakland 2 - Phoenix 3
TOP OF THE 7TH
Oakland Oaks batting - Pitching for Phoenix Hotspur : RHP Jorge Otero
Batting: RHB Yehonatan Chazan 0-0: Called Strike
0-1: Called Strike
0-2: Ground out U3 (Groundball, 34, EV 87.5 MPH)
Batting: LHB Gabriel Montoya 0-0: Ground out 4-3 (Groundball, 4, EV 80.6 MPH)
Batting: RHB Colin O'Connell 0-0: Ball
1-0: Called Strike
1-1: Swinging Strike
1-2: Foul Ball, location: 2F
1-2: Ball
2-2: Strikes out swinging
Top of the 7th over - 0 runs, 0 hits, 0 errors, 0 left on base; Oakland 2 - Phoenix 3
BOTTOM OF THE 7TH
Phoenix Hotspur batting - Pitching for Oakland Oaks : RHP Paco Garza
Batting: RHB Myles Brundidge 0-0: Called Strike
0-1: Ball
1-1: Fly out, F7 (Flyball, 7LDF, EV 99.4 MPH)
Batting: LHB Corey Ferguson 0-0: Fly out, F4 (Line Drive, 4, EV 66.9 MPH)
Batting: RHB Alberto Ramírez 0-0: Ball
1-0: Ball
2-0: Fly out, F8 (Line Drive, 8RM, EV 99.4 MPH)
Bottom of the 7th over - 0 runs, 0 hits, 0 errors, 0 left on base; Oakland 2 - Phoenix 3
TOP OF THE 8TH
Oakland Oaks batting - Pitching for Phoenix Hotspur : RHP Jorge Otero
Batting: LHB Héctor Velázquez 0-0: Ball
1-0: Called Strike
1-1: Foul Ball, location: 2F
1-2: Foul Ball, location: 2F
1-2: Ball
2-2: Strikes out swinging
Batting: RHB Cristián Coronado 0-0: Ball
1-0: Ball
2-0: Ball
3-0: Called Strike
3-1: SINGLE (Line Drive, 8RS, EV 93.8 MPH)
Pitching: RHP Ryan Peterson
Batting: RHB Esteban Vázquez 0-0: Called Strike
0-1: Ball
1-1: Swinging Strike
1-2: Ball
Passed Ball!
Cristián Coronado to second
2-2: Strikes out looking
Batting: LHB Obidiah Lewis 0-0: Ball
1-0: Ball
2-0: Ball
3-0: Base on Balls
Batting: RHB Mike Wazowski 0-0: Called Strike
0-1: Ball
1-1: Ball
2-1: Foul Ball, location: 2F
2-2: Foul Ball, location: 2F
2-2: Strikes out swinging
Top of the 8th over - 0 runs, 1 hit, 0 errors, 2 left on base; Oakland 2 - Phoenix 3
BOTTOM OF THE 8TH
Phoenix Hotspur batting - Pitching for Oakland Oaks : RHP Paco Garza
Batting: RHB Martín Talia 0-0: Called Strike
0-1: Ball
1-1: Fly out, F8 (Flyball, 8RM, EV 91.9 MPH)
Batting: RHB Jonas van Claveren 0-0: Foul Ball, location: 2F
0-1: Ball
1-1: Swinging Strike
1-2: Foul Ball, location: 2F
1-2: SINGLE (Line Drive, 7S, EV 104.4 MPH)
Batting: RHB Tae-cho Han 0-0: Called Strike
0-1: Foul Ball, location: 2F
0-2: Ball
1-2: Foul Ball, location: 2F
1-2: Ball
Passed Ball!
Jonas van Claveren to second
2-2: Foul Ball, location: 2F
2-2: Foul Ball, location: 2F
2-2: SINGLE (Line Drive, 4MD, EV 103.1 MPH)
Jonas van Claveren to third
Pitching: RHP Mal Houser
Batting: LHB Tadayoshi Watanabe 0-0: Ball
1-0: Swinging Strike
1-1: Called Strike
1-2: Strikes out looking
Batting: LHB Mario Ramos 0-0: Swinging Strike
0-1: Ball
1-1: Ground out 1-3 (Groundball, P, EV 87.5 MPH)
Bottom of the 8th over - 0 runs, 2 hits, 0 errors, 2 left on base; Oakland 2 - Phoenix 3
TOP OF THE 9TH
Oakland Oaks batting - Pitching for Phoenix Hotspur : RHP Ryan Peterson
Pitching: RHP Russ Horne
Now in LF: Mare Riseley
Batting: LHB Yu-zeng Si 0-0: Called Strike
0-1: Called Strike
0-2: Ball
1-2: Foul Ball, location: 2F
1-2: Ball
2-2: Ball
3-2: Foul Ball, location: 2F
3-2: Strikes out looking
Batting: RHB Yehonatan Chazan 0-0: Ball
1-0: Foul Ball, location: 2F
1-1: Foul Ball, location: 2F
1-2: Ball
2-2: Foul Ball, location: 2F
2-2: Foul Ball, location: 2F
2-2: Ball
3-2: Ground out 6-3 (Groundball, 56S, EV 89.4 MPH)
Batting: LHB Gabriel Montoya 0-0: Swinging Strike
0-1: Called Strike
0-2: Foul Ball, location: 2F
0-2: Fly out, F7 (Flyball, 78M, EV 93.8 MPH)
Top of the 9th over - 0 runs, 0 hits, 0 errors, 0 left on base; Oakland 2 - Phoenix 3
Thursday, January 23rd, 2020 - OOTP Baseball 20.8 Build 74